 Dungeon Crawl Stone Soup version 0.29-a0-320-g9f8742066b (webtiles) character file.

Game seed: 14606564475378889005

13983 rocky1 the Cleaver (level 11, 0/80 (97) HPs)
             Began as a Minotaur Fighter on Apr 3, 2022.
             Was a High Priest of Okawaru.
             Slain by a six-headed hydra (2 damage)
             ... while petrified by a basilisk
             ... on level 1 of the Lair of Beasts.
             The game lasted 00:36:24 (11157 turns).

rocky1 the Cleaver (Minotaur Fighter)              Turns: 11157, Time: 00:36:25

HP:   0/80 (97)     AC: 12    Str: 28    XL:     11   Next: 82%
MP:   15/15         EV:  2    Int:  5    God:    Okawaru [*****.]
Gold: 504           SH:  0    Dex: 13    Spells: 10/10 levels left

rFire   . . .      SeeInvis .   K - +0 hand axe (flame)
rCold   + . .      Faith    .   C - +0 buckler of Clean Joy {rC+}
rNeg    + + +      Spirit   .   b - +3 scale mail of Lollura {Regen+}
rPois   ∞          Reflect  .   c - +1 hat
rElec   .          Harm     .   (no cloak)
rCorr   .          Rampage  .   (no gloves)
Will    .....                   U - +0 pair of boots
Stlth   ..........              (no amulet)
HPRegen 1.03/turn               q - ring of poison resistance
MPRegen 0.14/turn               o - +6 ring of strength

@: petrified, studying Fighting, heavily drained
A: horns 2, retaliatory headbutt
a: Renounce Religion, Heroism, Finesse, Duel


You were on level 1 of the Lair of Beasts.
You worshipped Okawaru.
Okawaru was extremely pleased with you.
You visited 3 branches of the dungeon, and saw 11 of its levels.
You also visited: Ossuary.

You collected 679 gold pieces.
You spent 175 gold pieces at shops.

Inventory:

Hand Weapons
 n - the +8 mithril axe "Arga" {speed, Will+}
   (You found it on level 2 of the Dungeon)

   Attacks with this weapon are significantly faster.
   Will:      It increases your willpower.
 K - a +0 hand axe of flaming (weapon)
Missiles
 r - 3 javelins
 w - 15 poisoned darts (quivered)
 M - a curare-tipped dart
Armour
 b - the +3 scale mail of Lollura (worn) {Regen+}
   (You found it on level 6 of the Dungeon)

   Regen:     It increases your rate of health regeneration.
 c - a +1 hat (worn)
 e - the +1 hat of Starshine {Str-2 Int+6 Dex-5 SInv}
   (Okawaru gifted it to you on level 1 of the Lair of Beasts)

   Str:       It affects your strength (-2).
   Int:       It affects your intelligence (+6).
   Dex:       It affects your dexterity (-5).
   SInv:      It lets you see invisible.
 C - the +0 buckler of Clean Joy (worn) {rC+}
   (You found it on level 5 of the Dungeon)

   rC:        It protects you from cold.
 U - a +0 pair of boots (worn)
Jewellery
 i - a ring of protection from cold
 o - a +6 ring of strength (right hand)
 q - a ring of poison resistance (left hand)
 Q - a ring of flight
 X - a ring of willpower
Wands
 h - a wand of flame (31)
 v - a wand of iceblast (26)
 H - a wand of paralysis (15)
 I - a wand of digging (8)
 R - a wand of polymorph (14)
Scrolls
 m - a scroll of blinking
 p - 5 scrolls of teleportation
 u - 2 scrolls of enchant armour
 y - 3 scrolls of enchant weapon
 B - a scroll of torment
 D - 2 scrolls of silence
 F - 3 scrolls of fog
 G - a scroll of acquirement
 T - a scroll of brand weapon
Potions
 a - 2 potions of resistance
 d - a potion of might
 f - 10 potions of curing
 g - 6 potions of brilliance
 j - 2 potions of cancellation
 k - 2 potions of invisibility
 s - 3 potions of lignification
 A - a potion of ambrosia
 E - 3 potions of haste
 L - 2 potions of attraction {unknown}
 P - 3 potions of mutation {unknown}


   Skills:
 - Level 9.3 Fighting
 + Level 13.4 Axes
 - Level 6.0 Armour
 - Level 13.2 Shields
 - Level 7.3 Invocations
 + Level 3.0 Evocations


You had 10 spell levels left.
You didn't know any spells.
Your spell library contained the following spells:

 Spells                   Type           Power      Damage    Failure   Level
 Beastly Appendage        Tmut           0%         N/A       77%         1
 Foxfire                  Conj/Fire      0%         2x1d4     77%         1
 Pain                     Necr           0%         1d4       77%         1
 Corpse Rot               Necr/Air       0%         N/A       88%         2
 Poisonous Vapours        Pois/Air       0%         N/A       88%         2
 Static Discharge         Conj/Air       0%         N/A       88%         2
 Sublimation of Blood     Necr           0%         N/A       88%         2
 Wereblood                Tmut           0%         N/A       88%         2
 Conjure Flame            Conj/Fire      0%         6-21      98%         3
 Gell's Gravitas          Tloc           0%         N/A       98%         3
 Inner Flame              Hex/Fire       0%         N/A       98%         3
 Lesser Beckoning         Tloc           0%         N/A       98%         3
 Spider Form              Tmut/Pois      0%         N/A       98%         3
 Teleport Other           Tloc           0%         N/A       98%         3
 Flame Wave               Conj/Fire      0%         2d4       100%        4
 Agony                    Necr           0%         N/A       100%        5
 Excruciating Wounds      Necr           0%         N/A       100%        5
 Lightning Bolt           Conj/Air       0%         1d11      100%        5
 Maxwell's Capacitive Co  Air            0%         ∞         100%        8
 Summon Hydra             Summ           Unusable   N/A       N/A         7

Dungeon Overview and Level Annotations

Branches:
Dungeon (9/15)             Temple (1/1) D:6            Lair (1/6) D:9
Ossuary (visited)
    Orc: D:9-12

Altars:
Ashenzari
Cheibriados
Dithmenos
Elyvilon
Fedhas
Gozag
Hepliaklqana
Kikubaaqudgha
Makhleb
Nemelex Xobeh
Okawaru
Qazlal
Ru
Sif Muna
Trog
Uskayaw
Xom
Yredelemnul
Zin
The Shining One

Shops:
D:5 (   D:6 ?   D:7 [   D:8 :


Innate Abilities, Weirdness & Mutations

You have a pair of horns on your head.
You reflexively headbutt those who attack you in melee.


Message History

The yak gores you but does no damage. The basilisk gazes at you.
You are slowing down.
The yak closely misses you.
There is a staircase back to the Dungeon, spattered with blood here.
The yak gores you! You block the yak's attack. The yak barely misses you.
The yak gores you.
You have turned to stone.
The yak gores you! x2
The six-headed hydra bites you but does no damage. x4
The six-headed hydra bites you! x2; The yak gores you but does no damage.
The yak gores you.
The six-headed hydra bites you but does no damage. x2
The six-headed hydra bites you. The six-headed hydra bites you!
The six-headed hydra bites you but does no damage. x2
The cane toad stings you! The yak gores you. The yak completely misses you.
The six-headed hydra bites you but does no damage. x3
The six-headed hydra bites you.
The six-headed hydra bites you but does no damage.
The six-headed hydra bites you! The cane toad stings you!
* * * LOW HITPOINT WARNING * * *
The yak gores you.
* * * LOW HITPOINT WARNING * * *
The yak gores you.
* * * LOW HITPOINT WARNING * * *
The cane toad stings you but does no damage.
The six-headed hydra bites you but does no damage.
The six-headed hydra bites you!
* * * LOW HITPOINT WARNING * * *
The six-headed hydra completely misses you.
The six-headed hydra bites you but does no damage.
The six-headed hydra bites you!
* * * LOW HITPOINT WARNING * * *
The six-headed hydra bites you!
* * * LOW HITPOINT WARNING * * *
The yak gores you.
* * * LOW HITPOINT WARNING * * *
The yak gores you.
* * * LOW HITPOINT WARNING * * *
The cane toad stings you. The six-headed hydra bites you.
You die...

###
#P###########################
..............lD@Y..........##
##.###.........YFr..........P#
#### #.......................#
## ##.....................#*
.# #.....######..........# .##
#....## ##..........#
#.#####....# #...........#
...........# ##..........#
...####.#..#######..........#


You could see a six-headed hydra, 2 yaks, a cane toad, a basilisk and a hell
rat.

Vanquished Creatures
  A boulder beetle (D:8)
  2 two-headed ogres
  Erica (D:8)
  The ghost of ValeOmni the Ruffian, a novice TrFi of Dithmenos (D:6)
  A salamander (shapeshifter) (D:8)
  Joseph (D:8)
  2 black mambas (Lair:1)
  2 cane toads (Lair:1)
  An unseen horror (D:7)
  2 komodo dragons
  2 trolls (D:9)
  3 blink frogs (Lair:1)
  9 yaks
  2 wyverns
  3 steam dragons
  3 water moccasins
  An orc warrior (D:9)
  3 ice beasts
  2 sky beasts
  3 black bears
  An ogre (D:4)
  A centaur (D:9)
  4 wolves (Lair:1)
  2 kobold brigands (D:8)
  3 elf zombies (Ossuary)
  A necrophage (D:7)
  4 bullfrogs
  2 gnoll sergeants (D:9)
  7 scorpions
  12 wights
  16 killer bees (D:9)
  An electric eel (D:7)
  A howler monkey (D:8)
  A hound (D:5)
  A human zombie (Ossuary)
  6 orc priests
  4 jellies
  8 iguanas
  5 hell rats
  3 orc wizards (D:8)
  2 mummies (Ossuary)
  14 gnolls
  15 adders
  2 shadow imps (D:8)
  A white imp (D:5)
  An ufetubus (D:5)
  2 adder zombies (Ossuary)
  2 worms
  2 dart slugs (D:1)
  19 orcs
  11 ball pythons
  11 endoplasms
  5 giant cockroaches
  5 goblins
  7 hobgoblins
  6 kobolds
  6 quokkas
  3 bats
  3 frilled lizards
  A goblin zombie (Ossuary)
  11 hobgoblin zombies (Ossuary)
  A jackal zombie (Ossuary)
  11 kobold zombies (Ossuary)
  4 orc zombies (Ossuary)
  9 rats
  3 rat zombies (Ossuary)
285 creatures vanquished.

Vanquished Creatures (others)
  25 fungi
  27 plants
52 creatures vanquished.

Grand Total: 337 creatures vanquished

Notes
Turn   | Place    | Note
-------+----------+-------------------------------------------
     0 | D:1      | rocky1 the Minotaur Fighter began the quest for the Orb.
     0 | D:1      | Reached XP level 1. HP: 19/19 MP: 0/0
   260 | D:1      | Reached XP level 2. HP: 26/26 MP: 1/1
   316 | D:1      | Found a faded altar of an unknown god.
   649 | D:1      | Reached XP level 3. HP: 28/31 MP: 2/2
  1467 | D:2      | Found the +8 mithril axe "Arga" {speed, Will+}
  1737 | D:2      | Reached skill level 5 in Shields
  1737 | D:2      | Reached XP level 4. HP: 25/39 MP: 3/3
  2664 | D:4      | Found a glowing silver altar of Zin.
  2819 | D:4      | Noticed a wyvern
  2824 | D:4      | Noticed an ice beast
  2825 | D:4      | Killed a wyvern
  2826 | D:4      | Reached skill level 5 in Axes
  2826 | D:4      | Reached XP level 5. HP: 18/45 MP: 4/4
  2878 | D:4      | Reached XP level 6. HP: 16/51 MP: 5/5
  3027 | D:4      | Found a sand-covered staircase.
  3035 | Ossuary  | Entered an ossuary
  3532 | Ossuary  | Reached XP level 7. HP: 56/59 MP: 6/6
  4003 | D:4      | Reached skill level 5 in Fighting
  4003 | D:4      | Reached skill level 5 in Armour
  4056 | D:4      | Reached XP level 8. HP: 68/68 MP: 7/7
  4848 | D:5      | Entered Level 5 of the Dungeon
  5541 | D:5      | Found Junemnigh's Firing Range.
  5628 | D:5      | Identified the +0 buckler of Clean Joy {rC+}
  5718 | D:6      | Found a runed translucent door.
  5718 | D:6      | Noticed ValeOmni's ghost (novice TrFi)
  5748 | D:6      | Found a staircase to the Ecumenical Temple.
  5790 | D:6      | Identified the +3 scale mail of Lollura {Regen+}
  5997 | D:6      | Found Feroe's Magic Scroll Emporium.
  6040 | D:6      | Reached XP level 9. HP: 70/74 MP: 8/8
  6120 | Temple   | Entered the Ecumenical Temple
  6259 | Temple   | Became a worshipper of Warmaster Okawaru
  6463 | D:6      | Bought a scroll of identify for 26 gold pieces
  6463 | D:6      | Bought a scroll of enchant weapon for 97 gold pieces
  6463 | D:6      | Bought a scroll of identify for 26 gold pieces
  6463 | D:6      | Bought a scroll of fog for 26 gold pieces
  6487 | D:6      | Found a hazy altar of Hepliaklqana.
  6594 | D:6      | Reached skill level 10 in Shields
  6594 | D:6      | Reached skill level 1 in Invocations
  7026 | D:6      | Killed ValeOmni's ghost
  7026 | D:6      | Reached * piety under Okawaru
  7027 | D:6      | Reached skill level 10 in Axes
  7224 | D:7      | Found Reaniem's Armour Shop.
  7381 | D:7      | Found a white marble altar of Elyvilon.
  7391 | D:7      | Found a blossoming altar of Fedhas.
  7429 | D:7      | Noticed a two-headed ogre
  7442 | D:7      | Killed a two-headed ogre
  7442 | D:7      | Reached ** piety under Okawaru
  7606 | D:7      | Reached XP level 10. HP: 83/83 MP: 12/12
  7831 | D:8      | Noticed a boulder beetle
  7841 | D:8      | Killed a boulder beetle
  7841 | D:8      | Reached *** piety under Okawaru
  7842 | D:8      | Reached skill level 5 in Invocations
  7844 | D:8      | Noticed a salamander
  7859 | D:8      | Killed a salamander
  7927 | D:8      | Found a shimmering blue altar of Sif Muna.
  8104 | D:8      | Noticed Erica
  8111 | D:8      | Killed Erica
  8111 | D:8      | Reached **** piety under Okawaru
  8562 | D:8      | Noticed Joseph
  8570 | D:8      | Noticed a two-headed ogre
  8581 | D:8      | Killed Joseph
  8588 | D:8      | Killed a two-headed ogre
  8638 | D:8      | Found Fehiuq's Self-Improvement Boutique.
  8655 | D:8      | Reached XP level 11. HP: 91/94 MP: 14/14
  8777 | D:8      | Reached ***** piety under Okawaru
  9370 | D:9      | Found a broken altar of Ashenzari.
  9696 | D:9      | Found a snail-covered altar of Cheibriados.
  9841 | D:9      | Found a hide-covered altar of Uskayaw.
 10157 | D:9      | Found a staircase to the Lair.
 10268 | Lair:1   | Entered Level 1 of the Lair of Beasts
 10287 | Lair:1   | Reached skill level 1 in Evocations
 10439 | Lair:1   | Identified 2 scrolls of acquirement
 10439 | Lair:1   | Acquired a manual of Fighting
 10558 | Lair:1   | Identified the +1 hat of Starshine {Str-2 Int+6 Dex-5 SInv}
                  | (Okawaru gifted it to you on level 1 of the Lair of Beasts)
 10558 | Lair:1   | Received a gift from Okawaru
 10706 | Lair:1   | Noticed a six-headed hydra
 11156 | Lair:1   | HP: 3/80 [yak (2)]
 11156 | Lair:1   | HP: 1/80 [yak (2)]
 11157 | Lair:1   | Slain by a six-headed hydra

Illustrated notes

Levels and vault maps discovered:
D:1:      lightli_arrival_quake, layout_rooms, serial_glass, glass_columns_b,
          glass_columns_a, glass_columns_b, glass_columns_b, glass_columns_a,
          glass_columns_a, glass_columns_a, glass_columns_a, glass_columns_c,
          glass_columns_a, glass_columns_b, glass_columns_c, glass_columns_b,
          glass_columns_b, basic_ecumenical_altar
D:2:      layout_basic, corexii_item_surrounded_by_moat
D:3:      layout_rooms
D:4:      minmay_razor_zed, layout_basic, mainiacjoe_overflow_catwalk,
          nicolae_ossuary_entry_monument, nzn_random_ring
D:5:      layout_loops_corners, nicolae_shop_firing_range
D:6:      layout_loops_corners, mainiacjoe_overflow_small_starburst,
          minmay_temple_entry_glass, serial_shops, nicolae_stop_n_shop_1,
          ebering_ghost_sewer_d, minivault_23
D:7:      layout_cave_pools, mainiacjoe_overflow_catch_the_wave, serial_shops,
          nicolae_shop_waterfront, kennysheep_decorative_pillar
D:8:      hangedman_cross_stitches, layout_basic, led_sif_book,
          minmay_misc_feat_five, nicolae_shop_self_help, uniq_erica, uniq_joseph
D:9:      nicolae_cairo_tiling_large, layout_rooms,
          mainiacjoe_overflow_boulevard,
          mainiacjoe_overflow_concentric_impassable, nicolae_ashenzari_skybound,
          grunt_lair_entry_orc_guard_hut
Temple:   hc_temple_tempest_star
Lair:1:   layout_chaotic_city, grunt_megastairs_3

Skill      XL: |  1  2  3  4  5  6  7  8  9 10 11 |
---------------+----------------------------------+-----
Shields        | 4 5 6 7 9 11 12 13 | 13.2
Axes           | 3 4 5 6 7 9 11 12 13 | 13.4
Fighting       | 4 5 7 9 |  9.3
Armour         | 4 5 6 |  6.0
Invocations    | 4 6 7 |  7.3
Evocations     | 3 |  3.0

Action                   |  1- 3 |  4- 6 |  7- 9 | 10-12 || total
-------------------------+-------+-------+-------+-------++-------
Melee: War axe           |    82 |       |       |       ||    82
       Headbutt          |     8 |    11 |    32 |    52 ||   103
       Broad axe         |    19 |   103 |   192 |   234 ||   548
       Hand axe          |       |       |       |    10 ||    10
Throw: Dart              |       |       |     5 |       ||     5
Invok: Heroism           |       |       |       |     3 ||     3
       Finesse           |       |       |       |     1 ||     1
Evoke: Wand              |       |       |       |     2 ||     2
  Use: Scroll            |     6 |     3 |     5 |    10 ||    24
       Potion            |     1 |     1 |     2 |     2 ||     6
 Stab: Invisible         |       |     4 |       |       ||     4
Armor: Scale mail        |    34 |    28 |    39 |    74 ||   175
       Ring mail         |       |       |     5 |       ||     5
Dodge: Dodged            |    35 |    30 |    36 |    83 ||   184
Block: Buckler           |    19 |    13 |    37 |    68 ||   137

Table legend: (Time is in decaauts)
 A = Elapsed time spent in this place.
 B = Non-inter-level travel time spent in this place.
 C = Inter-level travel time spent in this place.
 D = Time resting spent in this place.
 E = Time spent auto-exploring this place.
 F = Levels seen in this place.
 G = Mean time per level.
                   A        B        C        D        E       F      G
               +--------+--------+--------+--------+--------+-----+--------+
         Total |  11088 |  10657 |    431 |   2780 |   5326 |  12 |  924.0 |
       Dungeon |   9795 |   9407 |    388 |   2253 |   5020 |   9 | 1088.3 |
        Temple |    307 |    264 |     43 |      0 |    249 |   1 |  307.0 |
          Lair |    458 |    458 |      0 |    243 |     57 |   1 |  458.0 |
       Ossuary |    527 |    527 |      0 |    284 |      0 |   1 |  527.0 |
               +--------+--------+--------+--------+--------+-----+--------+

Top non-repeatable levels by time:
     D:4: 1637 daAuts
     D:8: 1474 daAuts
     D:2: 1346 daAuts
     D:9: 1324 daAuts
     D:6: 1205 daAuts
     D:5: 830 daAuts
     D:1: 764 daAuts
     D:7: 634 daAuts
     D:3: 577 daAuts
 Ossuary: 527 daAuts
  Lair:1: 458 daAuts
  Temple: 307 daAuts
